 Dungeon Crawl Stone Soup version 0.28.0-53-g5a82cb258f (webtiles) character file.

Game seed: 10774424925042223923

25741 concernfroge the Protected (level 12, -14/70 HPs)
             Began as a Deep Elf Conjurer on July 4, 2022.
             Was a Priest of Sif Muna.
             Killed by an exploding fulminant prism (51 damage)
             ... on level 4 of the Lair of Beasts.
             The game lasted 01:07:19 (15247 turns).

concernfroge the Protected (Deep Elf Conjurer)     Turns: 15247, Time: 01:07:20

Health: -14/70     AC: 14    Str:  4    XL:     12   Next: 92%
Magic:  10/27      EV: 26    Int: 32    God:    Sif Muna [***...]
Gold:   782        SH:  5    Dex: 13    Spells: 14/30 levels left

rFire   + . .      SeeInvis .   g - staff of conjuration
rCold   . . .      Faith    .   b - +0 buckler
rNeg    + . .      Spirit   .   F - +0 ring mail of Qazlal's Approval {rF+ rN+ Regen+ Int-3}
rPois   +          Reflect  .   e - +2 hat
rElec   .          Harm     .   (no cloak)
rCorr   .          Rampage  .   h - +0 pair of gloves
Will    +....                   p - +2 pair of boots {Stlth+}
Stlth   ++........              m - amulet of the acrobat
HPRegen 1.01/turn               E - ring of poison resistance
MPRegen 0.20/turn               w - +6 ring of intelligence

@: channelling, acrobatic, very slightly contaminated, studying Armour
A: no striking features
a: Renounce Religion, Channel Magic, Forget Spell


You were on level 4 of the Lair of Beasts.
You worshipped Sif Muna.
Sif Muna was most pleased with you.
You visited 3 branches of the dungeon, and saw 15 of its levels.

You collected 782 gold pieces.

Inventory:

Missiles
 d - a throwing net (quivered)
Armour
 b - a +0 buckler (worn)
 e - a +2 hat (worn)
 h - a +0 pair of gloves (worn)
 p - a +2 pair of boots of stealth (worn)
 F - the +0 ring mail of Qazlal's Approval (worn) {rF+ rN+ Regen+ Int-3}
   (You found it on level 4 of the Dungeon)

   Int:       It affects your intelligence (-3).
   rF:        It protects you from fire.
   rN:        It protects you from negative energy.
   Regen:     It increases your rate of health regeneration.
 H - +0 acid dragon scales
Magical Staves
 g - a staff of conjuration (weapon)
Jewellery
 m - an amulet of the acrobat (around neck)
 r - a ring of protection from fire
 w - a +6 ring of intelligence (right hand)
 E - a ring of poison resistance (left hand)
 I - a +4 ring of evasion
Wands
 i - a wand of digging (4)
 k - a wand of charming (18)
 q - a wand of polymorph (7)
 x - a wand of mindburst (10)
 C - a wand of acid (11)
Scrolls
 a - 2 scrolls of identify
 n - a scroll of amnesia
 o - 2 scrolls of vulnerability
 s - a scroll of enchant weapon
 y - 2 scrolls of summoning
 z - 3 scrolls of torment
 A - 2 scrolls of magic mapping
 J - a scroll of teleportation
Potions
 c - 7 potions of curing
 f - a potion of lignification {unknown}
 j - a potion of heal wounds
 l - 2 potions of ambrosia
 t - 2 potions of magic
 u - 2 potions of brilliance
 v - 2 potions of flight
 B - a potion of berserk rage
 D - a potion of resistance
 G - a potion of mutation


   Skills:
 + Level 6.2 Fighting
 * Level 10.8 Armour
 + Level 9.5 Dodging
 - Level 2.4 Stealth
 + Level 4.1 Shields
 - Level 9.6 Spellcasting
 - Level 8.8 Conjurations
 - Level 8.4 Hexes
 - Level 3.9 Translocations
 + Level 8.2 Invocations
 + Level 8.2 Evocations


You had 14 spell levels left.
You knew the following spells:

 Your Spells              Type           Power      Damage    Failure   Level
a - Magic Dart            Conj           100%       1d8       1%          1
b - Searing Ray           Conj           100%       2d8       1%          2
c - Dazzling Flash        Conj/Hex       100%       N/A       1%          3
d - Fulminant Prism       Conj/Hex       41%        3d20      4%          4
e - Iskenderun's Mystic   Conj/Tloc      71%        2d14      12%         4
f - Blink                 Tloc           80%        N/A       4%          2

Your spell library contained the following spells:

 Spells                   Type           Power      Damage    Failure   Level
 Static Discharge         Conj/Air       60%        N/A       4%          2
 Beastly Appendage        Tmut           30%        N/A       17%         1
 Corpse Rot               Necr/Air       30%        N/A       26%         2
 Wereblood                Tmut           15%        N/A       26%         2
 Spider Form              Tmut/Pois      15%        N/A       45%         3
 Lightning Bolt           Conj/Air       30%        1d47      58%         5
 Manifold Assault         Tloc           40%        N/A       65%         5
 Conjure Ball Lightning   Conj/Air       30%        3x3d10    99%         6
 Storm Form               Tmut/Air       7%         N/A       100%        7
 Discord                  Hex            31%        N/A       100%        8
 Disjunction              Tloc           20%        N/A       100%        8
 Maxwell's Capacitive Co  Air            7%         ∞         100%        8


Dungeon Overview and Level Annotations

Branches:
Dungeon (10/15)            Temple (1/1) D:4            Lair (4/6) D:8
 Shoals (0/4) Lair:3       Spider (0/4) Lair:2
    Orc: D:9-12

Altars:
Ashenzari
Cheibriados
Dithmenos
Elyvilon
Fedhas
Gozag
Hepliaklqana
Kikubaaqudgha
Makhleb
Nemelex Xobeh
Okawaru
Qazlal
Ru
Sif Muna
Trog
Uskayaw
Vehumet
Wu Jian
Xom
Yredelemnul
Zin
The Shining One

Shops:
D:1 !   D:2 !   D:9 :

Annotations:
D:6 2 runed translucent doors, Wentworth's ghost, novice OpBr


Message History

The seven-headed hydra bites you! The seven-headed hydra bites you.
Your fulminant prism crackles loudly.
The seven-headed hydra bites you but does no damage. x2
The seven-headed hydra bites you! The seven-headed hydra bites you.
The seven-headed hydra bites you but does no damage. x2
The seven-headed hydra bites you!
Your fulminant prism explodes!
The blast of energy engulfs the seven-headed hydra!!
The seven-headed hydra is heavily wounded.
The blast of energy engulfs the plant!
The plant is moderately damaged.
Casting: Iskenderun's Mystic Blast (dangerous; 12% risk of failure)
Confirm with . or Enter, or press ? or * to list all spells.
Aiming: Fulminant Prism (dangerous; 4% risk of failure)
Press: ? - help, Dir - move target You feel a surge of power!
You conjure a prism of explosive energy!
A fulminant prism comes into view.
You are no longer locked in place.
A nearby plant withers and dies.
You block the seven-headed hydra's attack.
The seven-headed hydra bites you but does no damage.
You block the seven-headed hydra's attack.
The seven-headed hydra bites you but does no damage.
The seven-headed hydra closely misses you. x2
The seven-headed hydra bites you but does no damage.
Casting: Fulminant Prism (dangerous; 4% risk of failure)
Confirm with . or Enter, or press ? or * to list all spells.
You feel a surge of power!
You erupt in a blast of force!
The mystic blast hits the seven-headed hydra!
The seven-headed hydra is severely wounded.
The seven-headed hydra is knocked back by the mystic blast.
The seven-headed hydra slams into the rock wall!
You kill the seven-headed hydra!
Sif Muna accepts your kill.
Your fulminant prism crackles loudly.
Your fulminant prism explodes!
The blast of energy engulfs you!!!
Ouch! That really hurt!
You die...

#P...≈≈≈≈≈≈≈#####.
#≈≈≈P.≈≈≈≈≈≈#≈....
###....≈≈≈≈≈#≈..#.
#.≈.≈...........+.
#.≈#.≈≈P≈≈≈≈#≈..#.
#'#####.≈≈≈≈#≈≈.#.
#≈≈#..#≈≈≈≈≈##.##.
#≈≈≈.†#≈P≈≈≈≈≈....
#@#####≈.≈≈≈≈≈....
#.≈≈≈≈#..≈≈≈≈≈P...
#....≈#.P≈≈≈≈≈≈...
#≈....#..≈≈≈≈≈≈P..
#..≈≈.#***≈≈≈≈≈...
#P≈≈P.#,,*≈≈≈≈≈P..
#≈.≈.≈.,,*≈≈≈≈≈,,,
########**≈≈≈≈≈***
*******


There were no monsters in sight!

Vanquished Creatures
  4 hydras
  A boulder beetle (Lair:2)
  A two-headed ogre (D:9)
  4 death yaks (Lair:4)
  Urug (Lair:3)
  14 cane toads
  6 black mambas
  Joseph (D:7)
  2 rime drakes
  5 komodo dragons
  A polar bear (Lair:3)
  A meliai (Lair:2)
  A snapping turtle (Lair:3)
  A troll (D:9)
  12 blink frogs
  4 wyverns
  20 yaks
  Menkaure (D:6)
  2 acid dragons (D:9)
  9 water moccasins
  Duvessa (D:7)
  A hornet zombie (D:9)
  A swamp drake (D:6)
  A sky beast (D:6)
  A black bear (Lair:1)
  3 centaurs
  4 ogres
  4 wolves (Lair:3)
  2 phantoms
  8 bullfrogs
  A scorpion (D:7)
  A water moccasin zombie (D:5)
  Dowan (D:7)
  A wight (D:5)
  5 killer bees (Lair:2)
  7 howler monkeys
  An electric eel (Lair:4)
  3 centaur zombies
  A jelly (D:7)
  A hound (D:5)
  A centaur skeleton (D:6)
  2 gnoll shamans
  Crazy Yiuf (D:5)
  An iguana (D:6)
  2 orc priests
  2 bullfrog skeletons
  Jessica (D:3)
  5 orc wizards
  A killer bee zombie (D:8)
  4 howler monkey zombies
  12 gnolls
  5 adders
  A shadow imp (D:5)
  A white imp (D:5)
  An ufetubus (D:5)
  An adder skeleton (D:4)
  A worm (D:3)
  2 dart slugs (D:1)
  18 orcs
  7 ball pythons
  5 endoplasms
  A giant cockroach (D:4)
  3 goblins
  4 hobgoblins
  5 quokkas
  4 bats
  3 frilled lizards
  6 kobolds
  2 rats
241 creatures vanquished.

Vanquished Creatures (collateral kills)
  An orc priest (D:7)
  An orc wizard (D:7)
  2 orcs (D:7)
4 creatures vanquished.

Vanquished Creatures (others)
  155 fulminant prisms
  38 fungi
  43 plants
236 creatures vanquished.

Grand Total: 481 creatures vanquished

Notes
Turn   | Place    | Note
-------+----------+-------------------------------------------
     0 | D:1      | concernfroge the Deep Elf Conjurer began the quest for the
                  | Orb.
     0 | D:1      | Reached XP level 1. HP: 10/10 MP: 6/6
   278 | D:1      | Found a faded altar of an unknown god.
   286 | D:1      | Reached XP level 2. HP: 15/15 MP: 3/8
   289 | D:1      | Learned a level 2 spell: Searing Ray
   813 | D:1      | Found Idoa's Distillery.
  1357 | D:2      | Found Daolliq's Distillery.
  1371 | D:2      | Reached skill level 5 in Conjurations
  1371 | D:2      | Reached XP level 3. HP: 14/19 MP: 3/10
  1375 | D:2      | Learned a level 3 spell: Dazzling Flash
  2095 | D:3      | Noticed Jessica
  2098 | D:3      | Killed Jessica
  2099 | D:3      | Reached skill level 1 in Hexes
  2099 | D:3      | Reached XP level 4. HP: 24/24 MP: 7/12
  2104 | D:3      | Learned a level 4 spell: Fulminant Prism
  2163 | D:3      | Got Jessica's Grimoire of Evil
  2895 | D:4      | Found a staircase to the Ecumenical Temple.
  2904 | Temple   | Entered the Ecumenical Temple
  3173 | Temple   | Became a worshipper of Sif Muna the Loreminder
  3252 | D:4      | Found a white marble altar of Elyvilon.
  3329 | D:4      | Reached skill level 5 in Spellcasting
  3329 | D:4      | Reached XP level 5. HP: 9/28 MP: 1/14
  3344 | D:4      | Learned a level 4 spell: Iskenderun's Mystic Blast
  3554 | D:4      | Noticed a phantom
  3656 | D:4      | You fall into a shaft and drop 3 floors!
  3792 | D:7      | Reached XP level 6. HP: 32/32 MP: 5/16
  4209 | D:7      | Noticed Duvessa
  4213 | D:7      | Noticed Dowan
  4218 | D:7      | Killed Duvessa
  4218 | D:7      | Killed Dowan
  4219 | D:7      | Reached skill level 5 in Hexes
  4219 | D:7      | Reached XP level 7. HP: 27/36 MP: 0/19
  4445 | D:7      | Noticed Joseph
  4482 | D:7      | Noticed a wyvern
  4489 | D:7      | Killed a wyvern
  4774 | D:8      | Found a staircase to the Lair.
  4775 | D:8      | Noticed a komodo dragon
  4788 | D:8      | Reached XP level 8. HP: 41/41 MP: 14/21
  4815 | D:8      | Identified a scroll of acquirement
  4815 | D:8      | Acquired a staff of conjuration
  5337 | D:9      | Noticed a two-headed ogre
  5343 | D:9      | Killed a two-headed ogre
  5343 | D:9      | Reached * piety under Sif Muna
  5344 | D:9      | Reached XP level 9. HP: 45/45 MP: 11/24
  5470 | D:9      | Reached skill level 1 in Translocations
  5470 | D:9      | Reached skill level 1 in Invocations
  5470 | D:9      | Reached skill level 1 in Evocations
  5585 | D:9      | Noticed a troll
  5589 | D:9      | Killed a troll
  5590 | D:9      | Reached skill level 1 in Fighting
  5861 | D:9      | Found Zaoqoc's Book Shop.
  6196 | D:8      | Killed a komodo dragon
  7024 | D:7      | Killed Joseph
  7568 | D:6      | Noticed Sigmund
  7572 | D:6      | Noticed Sigmund
  7572 | D:6      | Sigmund changed into Sigmund the swamp drake
  7573 | D:6      | Killed Sigmund the swamp drake
  7928 | D:6      | Noticed Menkaure
  7932 | D:6      | Killed Menkaure
  8241 | D:6      | Found a large runed translucent door.
  8241 | D:6      | Found a large runed translucent door.
  8244 | D:6      | Noticed Wentworth's ghost (novice OpBr)
  8333 | D:5      | Entered Level 5 of the Dungeon
  8354 | D:5      | Reached XP level 10. HP: 55/55 MP: 16/25
  8362 | D:5      | Reached skill level 5 in Dodging
  8551 | D:5      | Reached ** piety under Sif Muna
  8644 | D:5      | Found a runed translucent door.
  8645 | D:5      | Noticed Crazy Yiuf
  8651 | D:5      | Killed Crazy Yiuf
  9050 | D:5      | Learned a level 2 spell: Blink
  9641 | D:4      | Identified the +0 ring mail of Qazlal's Approval {rF+ rN+
                  | Regen+ Int-3}
 10063 | D:10     | Entered Level 10 of the Dungeon
 10112 | Lair:1   | Entered Level 1 of the Lair of Beasts
 10118 | Lair:1   | Noticed a black mamba
 10121 | Lair:1   | Killed a black mamba
 10122 | Lair:1   | Reached skill level 1 in Armour
 10126 | Lair:1   | Noticed a cane toad
 10132 | Lair:1   | Killed a cane toad
 10133 | Lair:1   | Reached skill level 2 in Armour
 10156 | Lair:1   | Noticed an eight-headed hydra
 10160 | Lair:1   | Killed an eight-headed hydra
 10161 | Lair:1   | Reached skill level 3 in Armour
 10172 | Lair:1   | Reached skill level 4 in Armour
 10172 | Lair:1   | Reached skill level 5 in Invocations
 10172 | Lair:1   | Reached skill level 5 in Evocations
 10344 | Lair:1   | Noticed a cane toad
 10349 | Lair:1   | Killed a cane toad
 10384 | Lair:1   | Noticed a cane toad
 10389 | Lair:1   | Killed a cane toad
 10390 | Lair:1   | Reached skill level 5 in Armour
 10419 | Lair:1   | Noticed a cane toad
 10424 | Lair:1   | Killed a cane toad
 10439 | Lair:1   | Noticed a cane toad
 10441 | Lair:1   | Noticed a cane toad
 10444 | Lair:1   | Killed a cane toad
 10444 | Lair:1   | Killed a cane toad
 10445 | Lair:1   | Reached XP level 11. HP: 51/61 MP: 1/26
 11026 | Lair:1   | Reached skill level 6 in Armour
 11443 | Lair:2   | Found a hole to the Spider Nest.
 11593 | Lair:2   | Reached *** piety under Sif Muna
 11613 | Lair:2   | Reached skill level 1 in Shields
 11676 | Lair:2   | Reached skill level 7 in Armour
 11844 | Lair:2   | Noticed a boulder beetle
 11903 | Lair:2   | Killed a boulder beetle
 12338 | Lair:2   | Reached skill level 5 in Fighting
 12680 | Lair:3   | Reached skill level 8 in Armour
 12771 | Lair:3   | You fall into a shaft and drop 1 floor!
 12793 | Lair:4   | Noticed an eight-headed hydra
 12798 | Lair:4   | Killed an eight-headed hydra
 12827 | Lair:4   | Reached XP level 12. HP: 68/68 MP: 6/27
 12839 | Lair:3   | Noticed Urug
 12954 | Lair:3   | Killed Urug
 13467 | Lair:3   | Reached skill level 9 in Armour
 13821 | Lair:3   | Found a staircase to the Shoals.
 14359 | Lair:4   | Noticed a six-headed hydra
 14364 | Lair:4   | Killed a six-headed hydra
 14365 | Lair:4   | Reached skill level 10 in Armour
 14491 | Lair:4   | Noticed a death yak
 14492 | Lair:4   | Noticed a death yak
 14500 | Lair:4   | Killed a death yak
 14501 | Lair:4   | Noticed a death yak
 14508 | Lair:4   | Killed a death yak
 14510 | Lair:4   | Killed a death yak
 14680 | Lair:4   | Reached **** piety under Sif Muna
 14703 | Lair:4   | Noticed a death yak
 14709 | Lair:4   | Killed a death yak
 15238 | Lair:4   | Noticed a seven-headed hydra
 15246 | Lair:4   | Killed a seven-headed hydra
 15247 | Lair:4   | Killed by an exploding fulminant prism

Illustrated notes

Levels and vault maps discovered:
D:1:      dpeg_arrival_boxes_within_box, layout_basic, serial_shops,
          shop_fountains, dreamdust_ecumenical_altar_grove
D:2:      layout_rooms, serial_shops, shop
D:3:      layout_rooms, serial_rivers, chequers_serial_rivers_marsh,
          chequers_serial_rivers_micro_c, chequers_serial_rivers_micro_b,
          chequers_serial_rivers_micro_b, chequers_serial_rivers_micro_c,
          chequers_serial_rivers_room_a, minmay_strange_pillars,
          dk_noncrumbling_2, kennysheep_jessica_study
D:4:      layout_gridville, lemuel_coloured_pillars_altar,
          minmay_temple_entry_tees
D:5:      layout_cave_pools, minmay_manual_mullet, uniq_crazy_yiuf_cottage
D:6:      layout_cave_pools, ebering_ghost_disaster_area, uniq_sigmund,
          uniq_menkaure
D:7:      layout_loops_ring, hangedman_decor_slide_cut, st_stairs_7,
          uniq_joseph, uniq_duvessa
D:8:      layout_basic, david_lair_shrubbed, enter_ossuary_5
D:9:      layout_irregular_city, serial_shops, shop_statue
D:10:     layout_irregular_city, david_orc_3, gammafunk_ghost_ooze, uniq_erica
Temple:   nicolae_temple_the_god_donut
Lair:1:   layout_regular_city, beast_lair_carwin_6
Lair:2:   layout_roguey, hellmonk_spider_entry_not_the_bees,
          eino_small_chamber_without_monster, lemuel_fruit_fields,
          grunt_megastairs_4
Lair:3:   layout_cave_pods, minmay_shoals_entry_hut, grunt_megastairs_5,
          uniq_urug
Lair:4:   cheibrodos_lair_river_kwai, layout_regular_city, serial_bayou,
          serial_bayou_pond_b, serial_bayou_crossing, serial_bayou_pond_d,
          serial_bayou_pond_a, grunt_megastairs_2

Skill      XL: |  1  2  3  4  5  6  7  8  9 10 11 12 |
---------------+-------------------------------------+-----
Spellcasting   | 4 5 6 7 9 |  9.6
Conjurations   | 5 6 7 8 |  8.8
Hexes          | 1 2 3 5 6 8 |  8.4
Translocations | 3 |  3.9
Invocations    | 3 5 7 8 |  8.2
Evocations     | 3 5 6 8 |  8.2
Fighting       | 2 4 5 6 |  6.2
Dodging        | 4 7 8 9 |  9.5
Armour         | 5 8 10 | 10.8
Shields        | 2 4 |  4.1
Stealth        | |  2.4

Action                   |  1- 3 |  4- 6 |  7- 9 | 10-12 || total
-------------------------+-------+-------+-------+-------++-------
Melee: Short sword       |     1 |       |       |       ||     1
       Staff             |       |       |       |     1 ||     1
Throw: Throwing net      |       |       |       |     1 ||     1
 Cast: Magic Dart        |    47 |    43 |    27 |    91 ||   208
       Searing Ray       |     6 |    10 |    19 |    33 ||    68
       Fulminant Prism   |       |     9 |    44 |   104 ||   157
       Iskenderun's Myst |       |       |     6 |    33 ||    39
Invok: Channel Magic     |       |       |       |     7 ||     7
Evoke: Wand              |       |     2 |     2 |    14 ||    18
  Use: Scroll            |     4 |     3 |     3 |    11 ||    21
       Potion            |     2 |     4 |     1 |     3 ||    10
Armor: Robe              |     1 |       |     1 |       ||     2
       Ring mail         |       |       |       |    22 ||    22
Dodge: Dodged            |     4 |    12 |    16 |    26 ||    58
Block: Buckler           |       |       |       |     5 ||     5
